cohdb
Replays
Latest Replays
All Replays
Popular Replays
Top Player Replays
Match Explorer
How It Works
Community
CoH3 Stats
Reddit
Sign in to upload your games and track your stats! →
Sign in with Steam
Match 42798695
Unlisted
Match 42798695
Overview
Messages
Build Orders
End
Construct Infanterie Kompanie
Kettenkrad Recon Vehicle
Selects Terror Battlegroup
Selects Machine Gun Camouflage
MG 42 Machine Gun Team
MG 42 Machine Gun Team
Grenadier Squad
Grenadier Squad
Construct Luftwaffe Kompanie
221 Scout Car
Luftwaffe Officer Quarters
Support Elements
Wirbelwind Flakpanzer
Flak 30 Anti-aircraft Gun Team
Marder III M Tank Destroyer
Kettenkrad Recon Vehicle
Selects No Quarter
Marder III M Tank Destroyer
Kettenkrad Recon Vehicle
Pioneer Squad
Pioneer Squad
Wirbelwind Flakpanzer
Wirbelwind Flakpanzer
Selects King Tiger Heavy Tank
Jäger Squad
Jäger Squad
Jäger Squad
Selects Contempt for the Weak
Jäger Squad
Selects Propaganda Leaflet Drop
Propaganda Leaflet Drop
Flak 30 Anti-aircraft Gun Team
Pangolim
scorpion
~TAB~ THUND3RCHUNKY
Sex Captain
0
0
Comments
sign in to comment!
No comments posted yet!